 Dungeon Crawl Stone Soup version 0.24.0-13-gcf9b3192b9 (webtiles) character file.

Game seed: 6546465188861694191, levelgen mode: deterministic

96 Gumption the Cudgeler (level 4, -11/28 HPs)
             Began as a Gargoyle Gladiator on Nov 8, 2019.
             Mangled by an ogre
             ... wielding a +0 giant club
              (21 damage)
             ... on level 4 of the Dungeon.
             The game lasted 00:07:41 (1294 turns).

Gumption the Cudgeler (Gargoyle Gladiator)          Turns: 1294, Time: 00:07:42

Health: -11/28     AC: 13    Str: 19    XL:     4   Next: 67%
Magic:  0/4        EV:  8    Int:  8    God:
Gold:   90         SH:  0    Dex: 11    Spells: 3/3 levels left

rFire    . . .     SeeInvis .   a - +0 flail
rCold    . . .     Gourm    .   (no shield)
rNeg     + . .     Faith    .   i - +0 chain mail
rPois    ∞         Spirit   +   c - +0 helmet
rElec    +         Reflect  .   (no cloak)
rCorr    .         Harm     .   (no gloves)
MR       .....                  (no boots)
Stlth    ..........             o - amulet of guardian spirit
HPRegen  0.09/turn              (no ring)
MPRegen  0.09/turn              (no ring)

@: no status effects
A: negative energy resistance 1, electricity resistance, unbreathing,
petrification resistance, rot immunity, AC +3
a: no special abilities


You were on level 4 of the Dungeon.
You were not hungry.

You visited 1 branch of the dungeon, and saw 3 of its levels.

You collected 90 gold pieces.

Inventory:

Hand Weapons
 a - a +0 flail (weapon)
Missiles
 d - 3 throwing nets
 e - 107 stones
 j - 2 boomerangs (quivered)
 k - 37 poisoned darts
Armour
 c - a +0 helmet (worn)
 i - a +0 chain mail (worn)
Jewellery
 o - an amulet of guardian spirit (around neck)
Scrolls
 l - a scroll of remove curse
 m - a scroll of enchant weapon {unknown}
 n - a scroll of identify {unknown}
 p - a scroll of immolation {unknown}
Potions
 b - a potion of ambrosia {unknown}
 g - a potion of curing {unknown}
 h - a potion of invisibility {unknown}
Comestibles
 f - 8 rations


   Skills:
 + Level 3.2 Fighting
 * Level 4.4 Maces & Flails
 - Level 1.7 Throwing
 + Level 1.5 Armour
 - Level 2.4 Dodging


You had 3 spell levels left.
You didn't know any spells.
Your spell library was empty.

Dungeon Overview and Level Annotations

Branches:
Dungeon (2/15)

Altars:
Qazlal


Innate Abilities, Weirdness & Mutations

You are resistant to torment.
Your stone body is resilient. (AC +3)
You are immune to poison.
You resist negative energy. (rN+)
You are resistant to electric shocks. (rElec)
You can survive without breathing.
You are immune to petrification.
You are immune to rotting.


Message History

The ogre hits you with a +0 giant club!
You completely miss the ogre.
The ogre is lightly wounded.
The ogre hits you but does no damage.
You sock the ogre!
The ogre is heavily wounded.
The ogre barely misses you.
You hit the ogre.
The ogre is heavily wounded.
The ogre hits you with a +0 giant club!
Your chain mail prevents you from hitting the ogre.
The ogre is heavily wounded.
You barely miss the ogre.
The ogre is heavily wounded.
The ogre hits you but does no damage.
You thump the ogre!
The ogre is severely wounded.
The ogre hits you with a +0 giant club!!
Ouch! That really hurt!
You die...

#..≈≈≈≈>.≈ ...
##..≈#≈≈≈≈#≈≈.
##..≈≈####≈≈≈.
#...≈≈...≈≈≈.[
#....≈....≈≈..
#............≈
##............
###O##..####+###+#
.
#..@+............#
.
#...#........(...#
.
#...#............#
.
########..##...###
#
#####..##########
#................
#................
#................
#................


You could see an ogre.

Vanquished Creatures
  2 worker ants (D:4)
  A worm (D:2)
  A dart slug (D:1)
  2 leopard geckos (D:1)
  5 giant cockroaches
  6 goblins
  6 hobgoblins
  3 kobolds (D:1)
  7 bats (D:1)
  3 frilled lizards
  3 rats (D:1)
39 creatures vanquished.

Notes
Turn   | Place    | Note
-------+----------+-------------------------------------------
     0 | D:1      | Gumption the Gargoyle Gladiator began the quest for the
                  | Orb.
     0 | D:1      | Reached XP level 1. HP: 12/12 MP: 1/1
    69 | D:1      | Reached XP level 2. HP: 18/18 MP: 2/2
   385 | D:1      | Reached XP level 3. HP: 13/22 MP: 3/3
   834 | D:2      | Reached skill level 4 in Maces & Flails
   895 | D:2      | Reached skill level 1 in Armour
   931 | D:2      | You fall into a shaft and drop 2 floors!
  1003 | D:4      | Reached XP level 4. HP: 9/28 MP: 1/4
  1249 | D:4      | Found a stormy altar of Qazlal.
  1264 | D:4      | Noticed an ogre
  1294 | D:4      | Mangled by an ogre

Levels and vault maps discovered:
D:1:      dpeg_arrival_tiny_c, layout_basic
D:2:      layout_rooms, first_ration, hangedman_ru_absence
D:4:      layout_gridville, gammafunk_ghost_gnarly_gnolls,
          nicolae_qazlal_general_emergency

Skill      XL: |  1  2  3 |
---------------+----------+-----
Maces & Flails | 4 |  4.4
Armour         | 1 |  1.5
Fighting       | 3 |  3.2
Throwing       | |  1.7
Dodging        | |  2.4

Action                   |  1- 3 |  4- 6 || total
-------------------------+-------+-------++-------
Melee: Flail             |    68 |    36 ||   104
Throw: Boomerang         |    50 |       ||    50
  Use: Scroll            |     1 |       ||     1
  Eat: Chunk             |       |     1 ||     1
Armor: Leather armour    |    14 |       ||    14
       Chain mail        |    32 |    18 ||    50
Dodge: Dodged            |    25 |    18 ||    43
